 Dungeon Crawl Stone Soup version 0.30-a0-360-g447f08457e (webtiles) character file.

Game seed: 7572249406326605565

7816 avis the Basher (level 11, -1/93 HPs)
             Began as a Hill Orc Monk on Nov 12, 2022.
             Was a Priest of Beogh.
             Slain by an orc warrior
             ... wielding a +0 war axe
              (11 damage)
             ... in a bailey on Nov 13, 2022.
             The game lasted 01:18:09 (11654 turns).

avis the Basher (Hill Orc Monk)                    Turns: 11654, Time: 01:18:11

Health: -1/93      AC: 15    Str: 19    XL:     11   Next: 21%
Magic:  14/14      EV: 12    Int: 10    God:    Beogh [***...]
Gold:   145        SH:  0    Dex: 13    Spells: 10/10 levels left

rFire   + . .      SeeInvis .    a - +7 flail of the Pure Mice {speed, rElec rF+}
rCold   . . .      Faith    .    (no shield)
rNeg    . . .      Spirit   .    C - +0 acid dragon scales
rPois   .          Reflect  .    l - +0 helmet
rElec   +          Harm     .    (no cloak)
rCorr   +          Rampage  .    P - +0 pair of gloves {Stlth+}
Will    .....                    Y - +0 pair of boots
Stlth   ++........               (no amulet)
HPRegen 0.35/turn                Q - +4 ring of protection
MPRegen 0.14/turn                (no ring)

@: no status effects
A: no striking features
a: Renounce Religion, Smiting


You were in a bailey.
You worshipped Beogh.
Beogh was most pleased with you.
You visited 2 branches of the dungeon, and saw 11 of its levels.
You also visited: Ossuary and Bailey.

You collected 698 gold pieces.
You spent 553 gold pieces at shops.

Inventory:

Hand Weapons
 a - the +7 flail of the Pure Mice (weapon) {speed, rElec rF+}
   (You took it off a gnoll on level 7 of the Dungeon)

   Attacks with this weapon are significantly faster.
   rF:        It protects you from fire.
   rElec:     It insulates you from electricity.
 b - a +1 battleaxe of freezing
 d - a +4 hand axe
 o - a +3 hand axe
 s - a +0 broad axe
 w - a +0 arbalest
 F - a +3 war axe of flaming
Missiles
 h - 13 poisoned darts (quivered)
 R - a throwing net
Armour
 c - a +0 chain mail
 l - a +0 helmet (worn)
 C - +0 acid dragon scales (worn)
 G - a +3 leather armour
 H - a +3 leather armour
 P - a +0 pair of gloves of stealth (worn)
 Y - a +0 pair of boots (worn)
Jewellery
 Q - a +4 ring of protection (left hand)
Wands
 e - a wand of polymorph (14)
 q - a wand of roots (12)
 D - a wand of charming (29)
 J - a wand of acid (1)
 U - a wand of flame (18)
 Z - a wand of digging (5)
Scrolls
 i - 8 scrolls of teleportation
 k - 2 scrolls of blinking
 p - 2 scrolls of magic mapping {unknown}
 t - 3 scrolls of fear
 u - 2 scrolls of enchant weapon {unknown}
 y - a scroll of enchant armour
 z - 2 scrolls of vulnerability
 B - a scroll of fog {unknown}
 E - a scroll of summoning {unknown}
 I - a scroll of silence {unknown}
 N - 2 scrolls of amnesia
Potions
 f - 5 potions of heal wounds
 g - a potion of berserk rage
 j - 3 potions of lignification
 m - 3 potions of brilliance
 n - a potion of resistance
 r - 2 potions of ambrosia
 v - 6 potions of magic
 x - a potion of haste {unknown}
 A - 2 potions of flight
 L - a potion of cancellation
 M - 3 potions of invisibility
 O - 3 potions of might


   Skills:
 + Level 7.7 Fighting
 + Level 11.9(15.2) Axes
 - Level 13.0(14.4) Maces & Flails
 - Level 5.0 Armour
 - Level 2.4 Dodging
 - Level 1.5 Stealth
 - Level 5.0 Invocations


You had 10 spell levels left.
You didn't know any spells.
Your spell library contained the following spells:

 Spells                   Type           Power      Damage    Failure   Level
 Slow                     Hex            0%         N/A       43%         1
 Confusing Touch          Hex            0%         N/A       82%         3
 Gell's Gravitas          Tloc           0%         N/A       82%         3
 Kindle Blastsparks       Fire/Tloc/Air  0%         2d10      82%         3
 Lesser Beckoning         Tloc           0%         N/A       82%         3
 Teleport Other           Tloc           0%         N/A       82%         3
 Vampiric Draining        Necr           0%         2d6       82%         3
 Fulminant Prism          Conj/Hex       0%         3d5       99%         4
 Iskenderun's Mystic Bla  Conj/Tloc      0%         2d3       99%         4
 Lee's Rapid Deconstruct  Erth           0%         3d4*      100%        5


Dungeon Overview and Level Annotations

Branches:
Dungeon (10/15)            Temple (1/1) D:7         Ossuary (visited)
 Bailey (1/1)
   Lair: D:8-11         Orc: D:9-12

Altars:
Ashenzari
Cheibriados
Dithmenos
Elyvilon
Fedhas
Gozag
Hepliaklqana
Kikubaaqudgha
Makhleb
Nemelex Xobeh
Okawaru
Qazlal
Ru
Trog
Uskayaw
Vehumet
Wu Jian
Xom
Yredelemnul
Zin
The Shining One

Shops:
D:5 [   D:7 ?   D:9 [   D:10 :[


Message History

You barely miss the orc warlord.
The orc warlord is almost dead.
You hit the orc warlord.
The orc warlord is almost dead.
You hit the orc warlord.
The orc warlord is almost dead.
The orc warrior no longer looks unusually strong.
The orc warlord hits you with a +5 battleaxe!
* * * LOW HITPOINT WARNING * * *
You feel much better.
The orc warlord roars a battlecry!
The orc warrior goes into a battle-frenzy!
You hit the orc warlord.
The orc warlord is almost dead.
You hit the orc warlord but do no damage.
The orc warlord is almost dead.
The orc warlord hits you with a +5 battleaxe.
You hit the orc warlord.
The orc warlord is almost dead.
You hit the orc warlord but do no damage.
The orc warlord is almost dead.
The orc warrior no longer looks unusually strong.
The orc warlord roars a battlecry!
The orc warrior goes into a battle-frenzy!
You sock the orc warlord!
You kill the orc warlord!
Beogh accepts your kill.
The orc warrior hits you with a +0 war axe!
The goblin hits you but does no damage.
The orc warrior hits you with a +0 war axe!
* * * LOW HITPOINT WARNING * * *
There is an open door, spattered with blood here.
Items here: )) [[.
You hit the orc warrior but do no damage.
The orc warrior hits you with a +0 war axe!
* * * LOW HITPOINT WARNING * * *
The goblin closely misses you.
The orc warrior hits you with a +0 war axe!
You die...
Beogh appreciates the orc warrior's killing of a heretic priest.

#...........#..........
#...........#..........
###.).......###......))[
###.#[#.....###.###....)#+
###....)###.###....
###.###.
##......)..###.)....
###...
#.......)..8##...... #....
#..........8#oo..... #....
#∩....⌠.....@og..... #....
#..........8#g...... #....
#..........8##...... #....
##.........###......
###... ###.....###.###....
###.###.
###.#)#.....###.###.....#+
###)).......###.........
#...........#..........
#...........#..........


You could see 3 orc warriors, a hobgoblin and a goblin.

Vanquished Creatures
  An orc warlord (Bailey)
  Erica (D:8)
  Urug (D:10)
  An orc knight (Bailey)
  Maggie (D:8)
  A vampire (D:9)
  2 steam dragons
  A water moccasin (D:5)
  9 orc warriors
  2 ice beasts (D:7)
  3 sky beasts
  3 black bears (D:5)
  5 centaurs
  2 elf zombies (Ossuary)
  4 bullfrogs
  A gnoll sergeant (D:6)
  A necrophage (D:4)
  3 scorpions (D:6)
  8 wights
  3 killer bees (D:8)
  7 howler monkeys
  2 electric eels (D:6)
  2 human zombies (Ossuary)
  2 hounds
  A centaur zombie (Ossuary)
  2 orc priests
  5 jellies
  Jessica (D:2)
  An iguana (D:5)
  8 orc wizards
  2 centaur simulacra (D:10)
  2 mummies (Ossuary)
  22 gnolls
  8 adders
  3 white imps
  An ufetubus (D:10)
  3 adder zombies (Ossuary)
  2 worms
  3 dart slugs
  23 orcs
  5 endoplasms
  7 giant cockroaches
  13 hobgoblins
  4 jackals
  5 kobolds
  5 quokkas
  7 ball pythons
  3 bats
  3 frilled lizards
  27 goblins
  A goblin zombie (Ossuary)
  5 hobgoblin zombies (Ossuary)
  2 jackal zombies (Ossuary)
  11 kobold zombies (Ossuary)
  10 orc zombies (Ossuary)
  5 rats
266 creatures vanquished.

Vanquished Creatures (others)
  An orc priest (D:7)
  A white imp (D:10)
  3 orcs (Bailey)
  A fungus (D:1)
  12 plants
  4 toadstools (D:1)
22 creatures vanquished.

Grand Total: 288 creatures vanquished

Notes
Turn   | Place    | Note
-------+----------+-------------------------------------------
     0 | D:1      | avis the Hill Orc Monk began the quest for the Orb.
     0 | D:1      | Reached XP level 1. HP: 19/19 MP: 1/1
    67 | D:1      | Reached XP level 2. HP: 27/27 MP: 2/2
   272 | D:1      | Reached skill level 5 in Axes
   300 | D:1      | Found a faded altar of an unknown god.
   306 | D:1      | Reached XP level 3. HP: 24/33 MP: 3/3
   723 | D:2      | Noticed Jessica
   791 | D:2      | Killed Jessica
   792 | D:2      | Reached XP level 4. HP: 41/41 MP: 4/4
  1503 | D:2      | Reached XP level 5. HP: 42/47 MP: 5/5
  1603 | D:2      | Found a sacrificial altar of Ru.
  2850 | D:3      | Reached skill level 5 in Fighting
  3379 | D:4      | Reached XP level 6. HP: 37/56 MP: 6/6
  4067 | D:5      | Entered Level 5 of the Dungeon
  4067 | D:5      | Noticed a black bear
  4111 | D:5      | Killed a black bear
  4204 | D:5      | Reached XP level 7. HP: 60/61 MP: 7/7
  4207 | D:5      | You fall into a shaft and drop 2 floors!
  4214 | D:7      | Found a sand-covered staircase.
  4241 | D:7      | Identified the +9 mace of the Pits of Slime {elec, Will++}
  4254 | Ossuary  | Entered an ossuary
  4536 | Ossuary  | Reached skill level 1 in Maces & Flails
  4547 | Ossuary  | Reached skill level 2 in Maces & Flails
  4556 | Ossuary  | Reached skill level 3 in Maces & Flails
  4576 | Ossuary  | Reached skill level 4 in Maces & Flails
  4690 | D:7      | Reached XP level 8. HP: 63/68 MP: 8/8
  4693 | D:7      | Reached skill level 5 in Maces & Flails
  4788 | D:6      | Reached skill level 6 in Maces & Flails
  4822 | D:6      | Reached skill level 7 in Maces & Flails
  5109 | D:6      | Reached skill level 8 in Maces & Flails
  5494 | D:6      | Reached XP level 9. HP: 70/74 MP: 9/9
  5547 | D:6      | Reached skill level 9 in Maces & Flails
  5878 | D:5      | Reached skill level 10 in Maces & Flails
  6170 | D:5      | Found Ymouduow's Armour Shoppe.
  7039 | D:7      | Found a staircase to the Ecumenical Temple.
  7063 | D:7      | Identified the +7 flail of the Pure Mice {speed, rElec rF+}
  7080 | D:7      | Reached skill level 11 in Maces & Flails
  7135 | D:7      | Became a worshipper of Beogh the Brigand
  7135 | D:7      | Reached * piety under Beogh
  7135 | D:7      | Reached ** piety under Beogh
  7484 | D:7      | Found Bann's Magic Scroll Shop.
  7512 | D:7      | Reached skill level 1 in Invocations
  7813 | Temple   | Entered the Ecumenical Temple
  7813 | Temple   | Noticed a hellwing
  7815 | Temple   | Noticed Umpeugir the pandemonium lord
  7822 | Temple   | Noticed Denurakh the pandemonium lord
  7822 | Temple   | Noticed a rust devil
  7891 | Temple   | Noticed a rust devil
  8138 | D:7      | Bought a scroll of identify for 26 gold pieces
  8138 | D:7      | Bought a scroll of enchant armour for 97 gold pieces
  8138 | D:7      | Bought a scroll of poison for 52 gold pieces
  8138 | D:7      | Bought a scroll of torment for 123 gold pieces
  8190 | D:7      | Upgraded the game from 0.30-a0-359-gd0147acb1a to
                  | 0.30-a0-360-g447f08457e
  8340 | D:8      | Noticed Maggie
  8354 | D:8      | Killed Maggie
  8355 | D:8      | Reached skill level 12 in Maces & Flails
  8355 | D:8      | Reached XP level 10. HP: 66/81 MP: 10/12
  8772 | D:8      | Noticed Erica
  8791 | D:8      | Killed Erica
  8792 | D:8      | Reached skill level 13 in Maces & Flails
  8792 | D:8      | Reached skill level 5 in Invocations
  8792 | D:8      | Reached skill level 1 in Armour
  8806 | D:8      | Identified the +1 leather armour of Jeoblo {rN++ Regen+}
  9249 | D:9      | Found Backa's Antique Armour Boutique.
  9263 | D:9      | Bought a pair of glowing gloves for 255 gold pieces
  9916 | Temple   | Noticed Deqay the pandemonium lord
  9916 | Temple   | Noticed Kunen the pandemonium lord
  9917 | Temple   | Noticed an Executioner
  9946 | Temple   | Noticed Xaush the pandemonium lord
  9998 | Temple   | Noticed Ibra the pandemonium lord
 10178 | D:9      | Reached skill level 10 in Axes
 10916 | D:10     | Entered Level 10 of the Dungeon
 10964 | D:10     | Found Huykkon's Book Emporium.
 11025 | D:10     | Found Roacudeg's Armour Boutique.
 11073 | D:10     | Noticed Urug
 11105 | D:10     | Killed Urug
 11106 | D:10     | Reached skill level 5 in Armour
 11130 | D:10     | Found a flagged portal.
 11169 | Bailey   | Entered a bailey
 11251 | Bailey   | Reached *** piety under Beogh
 11432 | Bailey   | Reached XP level 11. HP: 91/91 MP: 14/14
 11432 | Bailey   | Noticed an orc knight
 11459 | Bailey   | Killed an orc knight
 11611 | Bailey   | Noticed an orc warlord
 11652 | Bailey   | Killed an orc warlord
 11654 | Bailey   | Slain by an orc warrior

Illustrated notes

Levels and vault maps discovered:
D:1:      ldierk_water_garden, layout_rooms,
          shapermc_ecumenical_altar_mp_urbaneastern
D:2:      layout_basic, basic_altar, uniq_jessica
D:3:      layout_basic, kennysheep_generic_room_14
D:4:      layout_basic, minmay_joined_circles
D:5:      layout_cave_pools, serial_shops, kennysheep_little_box
D:6:      layout_basic, serial_bayou_lagoon_b
D:7:      layout_cave_pools, minmay_temple_entry_statues,
          nicolae_ossuary_entry_false_entrances, kennysheep_windowed_goal
D:8:      layout_basic, uniq_erica, uniq_maggie
D:9:      layout_irregular_city, serial_shops, nicolae_stop_n_shop_1,
          nicolae_figureground_sparkle
D:10:     layout_irregular_city, lemuel_doored_altar, lair_entry_dummy,
          enter_bailey_5, serial_shops, nicolae_shop_behind_doors,
          nicolae_lakefront_shop, shop, nicolae_diamond_shop,
          kennysheep_mini_moat, serial_ice, serial_ice_n, serial_ice_a,
          serial_ice_i, serial_ice_b, uniq_urug
Temple:   nicolae_temple_panitentiary
Bailey:   bailey_axe_minmay_hex_keep, bailey

Skill      XL: |  1  2  3  4  5  6  7  8  9 10 11 |
---------------+----------------------------------+-----
Fighting       | 4 5 6 7 |  7.7
Axes           | 5 6 7 9 11 | 11.9
Maces & Flails | 4 8 12 13 | 13.0
Invocations    | 2 5 |  5.0
Armour         | 5 |  5.0
Dodging        | |  2.4
Stealth        | |  1.5

Action                   |  1- 3 |  4- 6 |  7- 9 | 10-12 || total
-------------------------+-------+-------+-------+-------++-------
Melee: Hand axe          |   107 |    62 |       |       ||   169
       War axe           |       |   129 |    10 |       ||   139
       Punch             |       |     4 |       |     1 ||     5
       Mace              |       |       |   257 |       ||   257
       Flail             |       |       |    38 |   274 ||   312
       Unarmed           |       |       |       |    12 ||    12
 Fire: Arbalest          |       |       |       |    17 ||    17
Throw: Dart              |       |       |     4 |     3 ||     7
Invok: Convert to Beogh  |       |       |     1 |       ||     1
Evoke: Wand              |       |       |     4 |     2 ||     6
  Use: Scroll            |       |       |    15 |     4 ||    19
       Potion            |       |       |       |     5 ||     5
 Stab: Sleeping          |     1 |     2 |       |       ||     3
       Distracted        |       |       |       |     1 ||     1
Armor: Robe              |    16 |     8 |       |       ||    24
       Leather armour    |     2 |    16 |       |       ||    18
       Ring mail         |       |    27 |    96 |       ||   123
       Scale mail        |       |       |     2 |       ||     2
       Acid dragon scale |       |       |       |    52 ||    52
Dodge: Dodged            |    80 |   106 |   160 |   106 ||   452

Table legend: (Time is in decaauts)
 A = Elapsed time spent in this place.
 B = Non-inter-level travel time spent in this place.
 C = Inter-level travel time spent in this place.
 D = Time resting spent in this place.
 E = Time spent auto-exploring this place.
 F = Levels seen in this place.
 G = Mean time per level.
                   A        B        C        D        E       F      G
               +--------+--------+--------+--------+--------+-----+--------+
         Total |  11587 |  10298 |   1289 |   2579 |   4349 |  13 |  891.3 |
       Dungeon |  10559 |   9293 |   1266 |   2338 |   4256 |  10 | 1055.9 |
        Temple |    183 |    160 |     23 |      0 |     93 |   1 |  183.0 |
       Ossuary |    429 |    429 |      0 |    170 |      0 |   1 |  429.0 |
        Bailey |    415 |    415 |      0 |     71 |      0 |   1 |  415.0 |
               +--------+--------+--------+--------+--------+-----+--------+

Top non-repeatable levels by time:
     D:6: 1633 daAuts
     D:7: 1501 daAuts
     D:9: 1196 daAuts
     D:8: 1189 daAuts
     D:1: 1175 daAuts
     D:2: 1081 daAuts
     D:4: 1042 daAuts
     D:3: 868 daAuts
     D:5: 700 daAuts
 Ossuary: 429 daAuts
  Bailey: 415 daAuts
  Temple: 183 daAuts
    D:10: 169 daAuts
